 Dungeon Crawl Stone Soup version 0.27.0-1-g7a089689b8 (webtiles) character file.

Game seed: 12303357830460461596

2 HungrySpirit the Vexing (level 1, 0/15 HPs)
             Began as a Human Arcane Marksman on July 31, 2021.
             Slain by a kobold (1 damage)
             ... on level 1 of the Dungeon.
             The game lasted 00:00:29 (153 turns).

HungrySpirit the Vexing (Human Arcane Marksman)      Turns: 153, Time: 00:00:29

Health: 0/15       AC:  2    Str: 10    XL:     1   Next: 44%
Magic:  2/2        EV: 12    Int: 13    God:
Gold:   0          SH:  0    Dex: 13    Spells: 1/2 levels left

rFire    . . .     SeeInvis .   (no weapon)
rCold    . . .     Faith    .   (no shield)
rNeg     . . .     Spirit   .   a - +0 robe
rPois    .         Reflect  .   (no helmet)
rElec    .         Harm     .   (no cloak)
rCorr    .         Rampage  .   (no gloves)
Will     .....                  (no boots)
Stlth    +.........             (no amulet)
HPRegen  0.05/turn              (no ring)
MPRegen  0.08/turn              (no ring)

@: no status effects
A: no striking features
a: no special abilities


You were on level 1 of the Dungeon.
You visited 1 branch of the dungeon, and saw 1 of its levels.

Inventory:

Armour
 a - a +0 robe (worn)
Scrolls
 d - 2 scrolls of identify {unknown}


   Skills:
 + Level 1.2 Fighting
 - Level 2.0 Throwing
 + Level 2.1 Dodging
 - Level 1.0 Spellcasting
 - Level 3.0 Hexes


You had one spell level left.
You knew the following spells:

 Your Spells              Type           Power      Damage    Failure   Level
a - Corona                Hex            8%         N/A       9%          1

Your spell library contained the following spells:

 Spells                   Type           Power      Damage    Failure   Level
 Slow                     Hex            8%         N/A       12%         2
 Inner Flame              Hex/Fire       4%         N/A       41%         3
 Portal Projectile        Hex/Tloc       8%         N/A       41%         3
 Cause Fear               Hex            4%         N/A       63%         4


Dungeon Overview and Level Annotations

Branches:
Dungeon (1/15)

Altars:


Message History

The kobold freezes you.
Throw: 3 javelins
Press: ? - help, Q - select action, (/) - cycle Shift-Dir - straight line, f/p - kobold
Aim: a kobold, wielding a +1 dagger of freezing (50% to hit)
You throw a javelin. The javelin closely misses the kobold.
The kobold barely misses you.
The kobold hits you with a +1 dagger of freezing.
The kobold freezes you.
Throw: 2 javelins
Press: ? - help, Q - select action, (/) - cycle Shift-Dir - straight line, f/p - kobold
Aim: a kobold, wielding a +1 dagger of freezing (50% to hit)
You throw a javelin. The javelin closely misses the kobold.
The kobold misses you.
Unknown command.
Unknown command.
Throw: javelin
Press: ? - help, Q - select action, (/) - cycle Shift-Dir - straight line, f/p - kobold
Aim: a kobold, wielding a +1 dagger of freezing (50% to hit)
You throw a javelin. The javelin barely misses the kobold.
The kobold hits you with a +1 dagger of freezing.
The kobold freezes you.
* * * LOW HITPOINT WARNING * * *
Throw: 2 throwing nets
Press: ? - help, Q - select action, (/) - cycle Shift-Dir - straight line, f/p - kobold
Aim: a kobold, wielding a +1 dagger of freezing (50% to hit)
You throw a throwing net.
The throwing net barely misses the kobold.
The kobold hits you with a +1 dagger of freezing.
* * * LOW HITPOINT WARNING * * *
The kobold freezes you.
* * * LOW HITPOINT WARNING * * *
Throw: throwing net
Press: ? - help, Q - select action, (/) - cycle Shift-Dir - straight line, f/p - kobold
Aim: a kobold, wielding a +1 dagger of freezing (50% to hit)
You throw a throwing net.
The throwing net closely misses the kobold.
The kobold hits you with a +1 dagger of freezing.
* * * LOW HITPOINT WARNING * * *
The kobold freezes you.
You die...

≈≈≈≈≈≈≈≈≈≈.....#.....#
≈≈≈≈≈≈≈≈≈≈≈....'...>.#
≈≈≈≈≈≈≈≈≈≈≈....#.....# ≈
≈≈≈≈≈≈≈≈≈≈≈....##...##≈≈
≈≈≈≈≈≈≈≈≈≈≈≈....#####≈≈≈
≈≈≈≈≈≈≈≈≈≈≈≈....≈≈≈≈≈≈≈≈
≈≈≈≈≈≈.....≈≈≈≈≈≈..
≈≈≈≈........≈≈≈...#
...........@.....##
#.##.###[##K...$..#
#.... #........... ....
............ #.
####......... ##(......#
##.....## #...##


You could see a kobold.

Vanquished Creatures
  A ball python (D:1)
  2 rats (D:1)
3 creatures vanquished.

Notes
Turn   | Place    | Note
-------+----------+-------------------------------------------
     0 | D:1      | HungrySpirit the Human Arcane Marksman began the quest for
                  | the Orb.
     0 | D:1      | Reached XP level 1. HP: 15/15 MP: 2/2
   153 | D:1      | Slain by a kobold

Illustrated notes

Levels and vault maps discovered:
D:1:      minmay_arrival_shoal_huts, layout_loops_corners, serial_shops,
          nicolae_square_shop

Action                   || total
-------------------------++-------
Melee: Unarmed           ||     2
Throw: Javelin           ||    10
       Throwing net      ||     2
Armor: Robe              ||     2
Dodge: Dodged            ||     8
